[Event "Titled Tuesday Blitz November 15 Early 2022"]
[White "Aggelis, Nikolaos"]
[Black "Aumann, Welf"]
[WhiteFideId "4213220"]
[BlackFideId "4634071"]
[WhiteElo "2189"]
[BlackElo "2249"]
[Result "0-1"]
[Round "02"]
[TimeControl "180+1"]
[Date "2022.11.16"]
[WhiteClock "0:00:22"]
[BlackClock "0:00:04"]

1. Nf3 c5 2. d4 cxd4 3. Nxd4 Nf6 4. g3 Nc6 5. Bg2 e5 6. Nxc6 dxc6 7. Qxd8+ Kxd8 8. e4 Bc5 9. f3 Be6 10. Bd2 Kc7 11. Bc3 Nd7 12. Nd2 b5 13. Ba5+ Kb7 14. a4 a6 15. h4 h5 16. Bh3 Bxh3 17. Rxh3 Bb6 18. Nb3 Rad8 19. Rh2 Bxa5+ 20. Nxa5+ Kb6 21. Nb3 c5 22. c4 b4 23. Rd2 Nb8 24. Rad1 Rxd2 25. Rxd2 Rc8 26. a5+ Kb7 27. Rd5 f6 28. Nxc5+ Ka7 29. Nd3 Rxc4 30. Kd2 b3 31. Nc5 Rc2+ 32. Kd3 Rxb2 33. Kc3 Ra2 34. Nxb3 Rf2 35. Nd2 Rg2 36. f4 Rxg3+ 37. Kc4 exf4 38. Rf5 Rg4 39. Nf3 Nc6 40. Rc5 Ne5+ 41. Nxe5 fxe5 42. Rxe5 Rxh4 43. Re7+ Kb8 44. Rxg7 f3 45. Kd5 Rf4 46. Rg1 f2 47. Rf1 h4 48. Ke5 Rf8 49. Kd4 Kc7 50. Ke3 Kd6 51. Rh1 f1=Q 52. Rxh4 Qf2+ 53. Kd3 Qxh4 54. Kd4 Qf6+ 0-1


[Site "https://www.chess.com"]

[Event "Titled Tuesday Blitz November 15 Early 2022"]
[White "Al-Tarboush, Ward"]
[Black "Smietanska, Wiktoria"]
[WhiteFideId "7601450"]
[BlackFideId "21869359"]
[WhiteElo "2273"]
[BlackElo "1695"]
[Result "1-0"]
[Round "02"]
[TimeControl "180+1"]
[Date "2022.11.16"]
[WhiteClock "0:00:31"]
[BlackClock "0:00:05"]

1. e4 c5 2. Nf3 d6 3. d4 cxd4 4. Nxd4 Nf6 5. Nc3 a6 6. h3 e5 7. Nde2 h5 8. Bg5 Be7 9. g3 Be6 10. Bg2 Nbd7 11. a4 O-O 12. O-O Re8 13. a5 Nc5 14. f4 Qc7 15. b3 Qc6 16. f5 Bc8 17. Bxf6 Bxf6 18. Nd5 Nd7 19. Nec3 Bg5 20. Qxh5 Be3+ 21. Kh2 Bd4 22. Rf3 Nf8 23. Raf1 Bd7 24. f6 g6 25. Qh6 Ne6 26. Ne7+ Rxe7 27. fxe7 Bxc3 28. Rxf7 Be8 29. Qh7# 1-0


[Site "https://www.chess.com"]

[Event "Titled Tuesday Blitz November 15 Early 2022"]
[White "Aldokhin, Ivan"]
[Black "Goltsev, Dmitry"]
[WhiteFideId "24115720"]
[BlackFideId "24176710"]
[WhiteElo "2313"]
[BlackElo "2289"]
[Result "1-0"]
[Round "02"]
[TimeControl "180+1"]
[Date "2022.11.16"]
[WhiteClock "0:00:03"]
[BlackClock "0:00:47"]

1. e4 e6 2. d4 d5 3. Nc3 c5 4. exd5 exd5 5. Nf3 Nf6 6. Bb5+ Nc6 7. Bg5 Be7 8. O-O O-O 9. h3 h6 10. Bf4 a6 11. Bxc6 bxc6 12. Re1 Be6 13. Qd2 Re8 14. Ne5 Qb6 15. Na4 Qb4 16. Qxb4 cxb4 17. Nxc6 Rac8 18. Nxe7+ Rxe7 19. Nc5 Nd7 20. Nxa6 Rxc2 21. Nxb4 Rxb2 22. Nxd5 Re8 23. Nc7 Ra8 24. Nxa8 Bxa2 25. Nc7 Nb6 26. Rac1 g5 27. Be5 Nc4 28. Bf6 Nd6 29. Re7 Kh7 30. Rd7 Ne4 31. Be5 Nxf2 32. d5 Re2 33. Rxf7+ Kg6 34. Rf6+ Kh5 35. g4+ Kh4 36. Rxh6# 1-0


[Site "https://www.chess.com"]

[Event "Titled Tuesday Blitz November 15 Early 2022"]
[White "Alekseenko, Kirill"]
[Black "Volkov, Maksim"]
[WhiteFideId "4135539"]
[BlackFideId "54123070"]
[WhiteElo "2682"]
[BlackElo "2257"]
[Result "1-0"]
[Round "02"]
[TimeControl "180+1"]
[Date "2022.11.15"]
[WhiteClock "0:00:17"]
[BlackClock "0:00:06"]

1. e4 c5 2. Nf3 d6 3. d4 cxd4 4. Nxd4 Nf6 5. Nc3 a6 6. Be2 e5 7. Nb3 Be7 8. O-O O-O 9. Kh1 Re8 10. Be3 Be6 11. f4 Qc7 12. Qe1 Nbd7 13. Rd1 b5 14. a3 Nb6 15. Qg3 Nc4 16. Bc1 exf4 17. Rxf4 Rad8 18. Nd4 d5 19. Nxe6 fxe6 20. exd5 Bd6 21. Rdf1 exd5 22. Qh4 Bxf4 23. Bxf4 Qb6 24. Bd3 Ne3 25. Bxe3 Qxe3 26. h3 Re5 27. Rf3 Qg5 28. Qd4 Rde8 29. Kh2 Re1 30. Qf4 Qxf4+ 31. Rxf4 R8e5 32. a4 Nh5 33. Rd4 bxa4 34. Nxd5 Rg5 35. h4 Rge5 36. Nc3 Nf6 37. g4 h5 38. g5 Ng4+ 39. Kg2 a3 40. bxa3 Kf8 41. a4 Rc1 42. Kf3 Rh1 43. Ne4 Rxh4 44. Rd8+ Ke7 45. Ra8 Nh2+ 46. Kg3 Rhxe4 47. Ra7+ Kd6 48. Rxa6+ Kc7 49. Bxe4 Rxe4 50. Kxh2 Re2+ 51. Kg3 Rxc2 52. Ra7+ Kb6 53. Rxg7 Rc4 54. Kh3 Rg4 55. g6 Ka5 56. Rg8 Kxa4 57. g7 1-0


[Site "https://www.chess.com"]

[Event "Titled Tuesday Blitz November 15 Early 2022"]
[White "Alfaro, William"]
[Black "Ibadov, Dashgyn"]
[WhiteFideId "6100457"]
[BlackFideId "24107514"]
[WhiteElo "2096"]
[BlackElo "2208"]
[Result "0-1"]
[Round "02"]
[TimeControl "180+1"]
[Date "2022.11.16"]
[WhiteClock "0:02:10"]
[BlackClock "0:02:12"]

1. Nf3 d5 2. g3 Nf6 3. Bg2 e6 4. O-O Be7 5. d3 O-O 6. Nbd2 c5 7. e4 Nc6 8. Qe2 b5 9. Re1 b4 10. Nf1 a5 11. h4 Ba6 12. e5 Ne8 13. N1h2 Nc7 14. Ng4 Nb5 15. Qd2 Nbd4 16. Ng5 Nf5 17. Bh3 Ncd4 18. c3 Bxg5 0-1


[Site "https://www.chess.com"]

[Event "Titled Tuesday Blitz November 15 Early 2022"]
[White "Alhadad, Mahmoud"]
[Black "Sanchez Enriquez, Oscar Gerardo"]
[WhiteFideId "11501863"]
[BlackFideId "5106311"]
[WhiteElo "1955"]
[BlackElo "2375"]
[Result "0-1"]
[Round "02"]
[TimeControl "180+1"]
[Date "2022.11.16"]
[WhiteClock "0:00:04"]
[BlackClock "0:01:23"]

1. e4 d6 2. d4 Nf6 3. Nc3 g6 4. Be3 c6 5. a4 Nbd7 6. f3 Qa5 7. Qd2 b5 8. b4 Qxb4 9. axb5 cxb5 10. Nge2 a6 11. Nc1 Rb8 12. Bd3 Nb6 13. Rb1 Qa3 14. O-O Nfd7 15. Nb3 Bg7 16. Nd5 Nxd5 17. exd5 Nb6 18. Ra1 Qxa1 19. Rxa1 Nxd5 20. Bh6 Bf6 21. Bg5 Bg7 22. Re1 O-O 23. Bh6 e6 24. Bxg7 Kxg7 25. Na5 Bd7 26. c4 bxc4 27. Bxc4 Nb4 28. Nb3 d5 29. Bd3 a5 30. Nc5 Bc6 31. Qe2 Kg8 32. Qe5 a4 33. Qd6 Rfd8 34. Qe7 Nxd3 35. Nxd3 Re8 36. Qd6 Bb5 37. Nc5 a3 38. Ra1 Ra8 39. Nd3 Bxd3 40. Rxa3 Rxa3 41. Qxa3 Bc4 42. Kf2 Rb8 43. f4 h5 44. Qc5 Rb2+ 45. Kg3 Rb3+ 46. Kf2 Kg7 47. Qe7 Rd3 48. Qd6 Rd2+ 49. Kf3 Bf1 50. Qe5+ Kg8 51. Qb8+ Kh7 52. g3 Bg2+ 53. Ke3 Rd1 54. Kf2 Be4 55. Qf8 Rd2+ 56. Ke3 Rd3+ 57. Ke2 Rb3 58. Qxf7+ Kh8 59. Qf8+ Kh7 60. Qf7+ Kh8 61. Qxe6 Rb2+ 62. Ke3 Rxh2 63. Qe8+ Kg7 64. Qe7+ Kg8 65. Qe6+ Kf8 66. Qf6+ Ke8 67. Qc6+ Ke7 68. Qc7+ Kf6 69. Qe5+ Kf7 70. Qc7+ Kf6 71. Qe5+ Kf7 72. Qc7+ Ke6 73. Qe5+ Kd7 74. Qg7+ Kc6 75. Qe5 Rg2 76. f5 gxf5 77. Qe8+ Kb6 78. Qxh5 Rxg3+ 79. Kd2 Rd3+ 80. Ke2 Kb5 81. Qe8+ Kc4 82. Qc8+ Kxd4 83. Qh8+ Kc4 84. Qc8+ Kb3 85. Qb7+ Kc2 86. Qc6+ Rc3 87. Qa4+ Kb2 88. Qb4+ Rb3 89. Qd4+ Ka3 90. Qa7+ Kb4 91. Qb6+ Kc4 92. Qa6+ Kc3 93. Qc6+ Kb2 94. Qf6+ Kc2 95. Qc6+ Rc3 96. Qa4+ Kb2 97. Qb5+ Rb3 98. Qc5 f4 99. Qd4+ Ka2 100. Qa7+ Kb1 101. Qg1+ Ka2 102. Qa7+ Ra3 103. Qf7 f3+ 104. Kf2 Rb3 105. Qa7+ Kb2 106. Qd4+ Rc3 107. Qb4+ Kc2 108. Qa4+ Rb3 109. Qc6+ Kb1 110. Qa4 Rb2+ 111. Ke1 f2+ 112. Kf1 Bd3+ 113. Kg2 f1=Q+ 114. Kg3 Rg2+ 115. Kh4 Qh1# 0-1


[Site "https://www.chess.com"]

[Event "Titled Tuesday Blitz November 15 Early 2022"]
[White "Ambartsumova, Karina"]
[Black "Boros, Denes"]
[WhiteFideId "4166299"]
[BlackFideId "722340"]
[WhiteElo "2319"]
[BlackElo "2464"]
[Result "1-0"]
[Round "02"]
[TimeControl "180+1"]
[Date "2022.11.16"]
[WhiteClock "0:00:36"]
[BlackClock "0:01:26"]

1. Nf3 g6 2. d4 Bg7 3. g3 b6 4. Bg2 Bb7 5. O-O Nf6 6. c4 O-O 7. Nc3 d6 8. Qc2 Nc6 9. Rd1 Qc8 10. e4 Na5 11. b3 c5 12. d5 Nxe4 13. Qxe4 Bxc3 14. Rb1 Re8 15. Qh4 Bg7 16. Bh3 Qd8 17. Ng5 h5 18. Nxf7 Bf6 19. Nxd8 Bxh4 20. Nxb7 Bf6 21. Nxa5 bxa5 22. Be6+ Kg7 23. Bb2 Rab8 24. Bxf6+ exf6 25. Re1 a4 26. bxa4 Rb4 27. Rxb4 cxb4 28. Rb1 Rb8 29. Kf1 f5 30. Ke2 Kf6 31. Kd3 g5 32. Kd4 h4 33. c5 dxc5+ 34. Kxc5 Ke5 35. Re1+ 1-0


[Site "https://www.chess.com"]

[Event "Titled Tuesday Blitz November 15 Early 2022"]
[White "Aponte Ramos, Argimiro"]
[Black "Forgacs, Attila Jr."]
[WhiteFideId "3900568"]
[BlackFideId "773654"]
[WhiteElo "2216"]
[BlackElo "2168"]
[Result "0-1"]
[Round "02"]
[TimeControl "180+1"]
[Date "2022.11.16"]
[WhiteClock "0:01:12"]
[BlackClock "0:01:18"]

1. e4 b6 2. Nc3 Bb7 3. d3 d6 4. g3 Nd7 5. Bg2 e5 6. f4 Be7 7. Nf3 Ngf6 8. O-O O-O 9. Kh1 a5 10. a3 Re8 11. fxe5 dxe5 12. Nh4 Bf8 13. Nf5 Nc5 14. Bg5 Re6 15. Qd2 h6 16. Be3 Ng4 17. Bh3 Nxe3 18. Nxe3 Nxe4 19. Nxe4 Bxe4+ 20. Kg1 Rg6 21. b4 axb4 22. axb4 Rxa1 23. Rxa1 Qd4 24. Ra8 Bxa8 0-1


[Site "https://www.chess.com"]

[Event "Titled Tuesday Blitz November 15 Early 2022"]
[White "Aradhya, Garg"]
[Black "Firouzja, Alireza"]
[WhiteFideId "25006746"]
[BlackFideId "12573981"]
[WhiteElo "2223"]
[BlackElo "2903"]
[Result "0-1"]
[Round "02"]
[TimeControl "180+1"]
[Date "2022.11.15"]
[WhiteClock "0:01:23"]
[BlackClock "0:01:57"]

1. d4 Nf6 2. Nf3 g6 3. Bg5 Bg7 4. Nbd2 O-O 5. c3 h6 6. Bh4 d6 7. e4 c5 8. dxc5 dxc5 9. Bc4 Nc6 10. O-O Nh5 11. Nb3 Bg4 12. Be2 Nf4 13. Bg3 Qxd1 14. Bxd1 Nd3 15. Rb1 Rfd8 16. Be2 b6 17. Nc1 c4 18. Rd1 Nc5 19. Rd5 Nxe4 20. Bxc4 Rxd5 21. Bxd5 Rd8 22. h3 Bxf3 23. Bxc6 Rd1+ 24. Kh2 Nxg3 25. Bxf3 Nf1+ 26. Kg1 Re1 27. Ra1 Nd2+ 28. Kh2 Be5+ 29. g3 Nxf3+ 30. Kg2 Nd2 31. Nb3 Rxa1 32. Nxa1 Nc4 33. b3 Na3 34. b4 Bxc3 35. Nb3 Bxb4 36. Nd4 Bc5 37. Nc6 a5 38. Kf3 Nc2 39. Ke4 Nb4 40. Nxb4 axb4 41. f3 f6 42. Kd5 Kf7 43. Kc6 e5 0-1


[Site "https://www.chess.com"]

[Event "Titled Tuesday Blitz November 15 Early 2022"]
[White "Arbunic Castro, Giovanna"]
[Black "Khandelwal, Ankush"]
[WhiteFideId "3400549"]
[BlackFideId "413470"]
[WhiteElo "1889"]
[BlackElo "2271"]
[Result "0-1"]
[Round "02"]
[TimeControl "180+1"]
[Date "2022.11.16"]
[WhiteClock "0:01:03"]
[BlackClock "0:01:34"]

1. e4 c5 2. g3 g6 3. Bg2 Bg7 4. Ne2 Nc6 5. c3 e5 6. O-O Nge7 7. d3 O-O 8. Be3 d6 9. d4 cxd4 10. cxd4 exd4 11. Nxd4 Be6 12. Nxe6 fxe6 13. Bh3 Qd7 14. Qb3 d5 15. Rd1 Kh8 16. Bxe6 Qxe6 17. exd5 Qh3 18. dxc6 Nxc6 19. f4 Rae8 20. Bf2 g5 21. fxg5 Rxf2 22. Kxf2 Qxh2+ 23. Kf3 Qe2+ 24. Kf4 Qe4# 0-1


[Site "https://www.chess.com"]

[Event "Titled Tuesday Blitz November 15 Early 2022"]
[White "Atakhan, Abtin"]
[Black "Todorovic, Bojan"]
[WhiteFideId "22502203"]
[BlackFideId "917087"]
[WhiteElo "2298"]
[BlackElo "2266"]
[Result "0-1"]
[Round "02"]
[TimeControl "180+1"]
[Date "2022.11.16"]
[WhiteClock "0:00:07"]
[BlackClock "0:00:27"]

1. Nf3 Nf6 2. d4 g6 3. Bf4 Bg7 4. g3 O-O 5. Bg2 c5 6. c3 Qb6 7. Qc1 cxd4 8. cxd4 Nc6 9. Nc3 Nxd4 10. Nxd4 Qxd4 11. O-O d6 12. Nb5 Qb6 13. Nc7 Rb8 14. Be3 Qa5 15. b4 Qa4 16. Qd1 Qxd1 17. Raxd1 b6 18. Bg5 Bb7 19. Bxf6 Bxf6 20. Nd5 Bxd5 21. Bxd5 e6 22. Bc4 d5 23. Ba6 Bc3 24. a3 d4 25. Bc4 Rbc8 26. Bb3 Rc7 27. Rd3 Kg7 28. e3 dxe3 29. Rxe3 Bd4 30. Rd3 e5 31. Kg2 Rfc8 32. g4 Rc3 33. Rfd1 Rxd3 34. Rxd3 Rc3 35. Rxc3 Bxc3 36. Kf3 Bb2 37. a4 a5 38. bxa5 bxa5 39. Ke4 f6 40. h4 h5 41. gxh5 gxh5 42. Kf5 Bd4 43. f4 exf4 44. Bd1 Kh6 45. Kxf4 Bf2 46. Kf5 Bxh4 47. Bf3 Bg5 48. Bc6 h4 49. Kg4 Kg6 50. Be8+ Kg7 51. Bc6 Kf8 52. Bd5 Ke7 53. Bc6 Kd6 54. Bg2 Ke5 55. Bc6 Kd4 56. Bd7 Ke3 57. Be6 Kf2 58. Kh3 Kf3 59. Bd5+ Kf4 60. Be6 f5 61. Bd7 Bf6 62. Bc8 Kg5 63. Bb7 Bd4 64. Bd5 Bf2 65. Kg2 Bg3 66. Kf3 Be5 67. Kg2 Kg4 68. Bf3+ Kf4 69. Bd5 Ke3 70. Kh3 Bf6 71. Kg2 f4 72. Bc6 f3+ 73. Bxf3 h3+ 74. Kg3 Be5+ 75. Kg4 Kf2 76. Bc6 h2 77. Kf5 Bc3 78. Ke6 Bb4 79. Kd7 Kg1 80. Kc7 h1=Q 81. Bxh1 Kxh1 82. Kc6 Kg2 83. Kb5 Kf2 84. Kc4 Ke2 85. Kb3 Kd3 86. Ka2 Kc4 87. Kb2 Bc5 0-1


[Site "https://www.chess.com"]

[Event "Titled Tuesday Blitz November 15 Early 2022"]
[White "Atakishiyev, Elmar"]
[Black "Sanal, Vahap"]
[WhiteFideId "13410547"]
[BlackFideId "6300545"]
[WhiteElo "2194"]
[BlackElo "2574"]
[Result "1-0"]
[Round "02"]
[TimeControl "180+1"]
[Date "2022.11.15"]
[WhiteClock "0:00:23"]
[BlackClock "0:00:05"]

1. d4 d6 2. c4 e5 3. Nf3 e4 4. Nfd2 f5 5. e3 Nf6 6. Nc3 c5 7. Nb3 b6 8. Be2 Nc6 9. O-O Be7 10. f3 O-O 11. Nd5 Nxd5 12. cxd5 Nb4 13. fxe4 fxe4 14. dxc5 bxc5 15. a3 Nd3 16. Bxd3 exd3 17. Qxd3 Rxf1+ 18. Qxf1 Bf6 19. Nd2 Rb8 20. Nf3 Qe7 21. Qd3 Bg4 22. Nd2 Bh5 23. Nc4 Bg6 24. Qe2 Be4 25. Bd2 Bxd5 26. Bc3 Bxc3 27. bxc3 Qe6 28. Nd2 Qe5 29. Rc1 Rb2 30. c4 Bc6 31. Qd3 Qg5 32. g3 Qe5 33. Rf1 h6 34. Rf2 Ra2 35. Qb3 Rb2 36. Qd3 a5 37. e4 Qd4 38. Qxd4 cxd4 39. Nf3 Rb1+ 40. Rf1 Rxf1+ 41. Kxf1 Bxe4 42. Nxd4 Bd3+ 43. Kf2 Bxc4 44. Nf5 d5 45. Ke3 Kf7 46. Nd6+ Ke6 47. Nxc4 dxc4 48. Kd4 Kd6 49. Kxc4 Kc6 50. g4 Kb6 51. h4 Kc6 52. h5 Kb6 53. Kd5 Kb5 54. Ke6 Ka4 55. Kf7 Kxa3 56. Kxg7 a4 57. Kxh6 Kb4 58. g5 a3 59. g6 a2 60. g7 a1=Q 61. g8=Q Qf6+ 62. Qg6 Qf8+ 63. Qg7 Qf4+ 64. Kh7 Kb3 65. Qb7+ Ka2 66. Qa6+ Kb3 67. Qb6+ Ka2 68. Qe6+ Ka3 69. h6 Qc7+ 70. Kg6 Qg3+ 71. Kf7 Qf4+ 72. Qf6 Qc7+ 73. Qe7+ 1-0


[Site "https://www.chess.com"]

[Event "Titled Tuesday Blitz November 15 Early 2022"]
[White "Avazkhonov, Alikhon"]
[Black "Aung Thant Zin"]
[WhiteFideId "14208504"]
[BlackFideId "13000063"]
[WhiteElo "1739"]
[BlackElo "2278"]
[Result "1-0"]
[Round "02"]
[TimeControl "180+1"]
[Date "2022.11.16"]
[WhiteClock "0:00:12"]
[BlackClock "0:01:04"]

1. d4 Nf6 2. c4 e6 3. Nc3 Bb4 4. e3 c5 5. Bd3 Nc6 6. Ne2 O-O 7. O-O Bxc3 8. bxc3 d6 9. e4 h6 10. f4 b6 11. e5 Ne8 12. d5 Na5 13. Ng3 dxe5 14. fxe5 Ba6 15. dxe6 fxe6 16. Rxf8+ Kxf8 17. Qf3+ Kg8 18. Qe4 Bb7 19. Qh7+ Kf8 20. Bxh6 Ke7 21. Bg5+ Kd7 22. Bxd8 Rxd8 23. Ne4 Kc8 24. Ng5 Nc7 25. Nf7 Rf8 26. Qxg7 Kb8 27. Qxf8+ Bc8 28. Nd6 a6 29. Qxc8+ 1-0


[Site "https://www.chess.com"]

[Event "Titled Tuesday Blitz November 15 Early 2022"]
[White "Barria Zuniga, Daniel"]
[Black "Kula, Robert"]
[WhiteFideId "3400816"]
[BlackFideId "1101218"]
[WhiteElo "2414"]
[BlackElo "2184"]
[Result "1/2-1/2"]
[Round "02"]
[TimeControl "180+1"]
[Date "2022.11.16"]
[WhiteClock "0:00:15"]
[BlackClock "0:02:01"]

1. d4 d5 2. c4 c6 3. Nf3 Nf6 4. Nc3 dxc4 5. a4 Bf5 6. e3 Ne4 7. Bxc4 e6 8. O-O Nd7 9. Bd3 Nxc3 10. bxc3 Bxd3 11. Qxd3 Be7 12. e4 O-O 13. a5 b6 14. Be3 c5 15. h3 cxd4 16. cxd4 bxa5 17. Bd2 Bb4 18. Rfb1 Qb6 19. Ra2 Rfc8 20. Rab2 Rab8 21. Bxb4 axb4 22. Rxb4 Qxb4 23. Rxb4 Rxb4 24. Qa6 Rc7 25. Qd6 Rbc4 26. h4 h6 27. g4 a5 28. g5 hxg5 29. hxg5 g6 30. d5 e5 31. Nxe5 Nxe5 32. Qxe5 Rc8 33. d6 Rc1+ 34. Kg2 Rd1 35. Qe7 Rc2 36. e5 Rcd2 37. e6 fxe6 38. Qxe6+ Kg7 39. Qe7+ Kg8 40. Qe8+ Kg7 41. Qe7+ Kh8 42. Qe8+ Kh7 43. Qe7+ Kg8 44. Qe8+ Kg7 45. Qe7+ 1/2-1/2


[Site "https://www.chess.com"]

[Event "Titled Tuesday Blitz November 15 Early 2022"]
[White "Bethke, Richard"]
[Black "Izuzquiza Gonzalez, Javier"]
[WhiteFideId "12959243"]
[BlackFideId "3101029"]
[WhiteElo "2369"]
[BlackElo "2034"]
[Result "1-0"]
[Round "02"]
[TimeControl "180+1"]
[Date "2022.11.16"]
[WhiteClock "0:00:39"]
[BlackClock "0:00:19"]

1. e4 c5 2. Nf3 e6 3. d4 cxd4 4. Nxd4 a6 5. Bd3 Nf6 6. O-O Qc7 7. Qe2 d6 8. f4 Nbd7 9. c4 b6 10. Nc3 Bb7 11. Kh1 Be7 12. b3 Rc8 13. Bb2 Nc5 14. Rae1 O-O 15. Bb1 Rfe8 16. e5 Nfd7 17. f5 dxe5 18. fxe6 fxe6 19. Bxh7+ Kxh7 20. Qh5+ Kg8 21. Qf7+ Kh8 22. Nf5 Bf6 23. Re3 Nf8 24. Rh3+ Nh7 25. Qg6 Kg8 26. Qxh7+ Kf8 27. Qh8+ Kf7 28. Qh5+ Kg8 29. Nh6+ Kf8 30. Qg6 Re7 31. Rxf6+ 1-0


[Site "https://www.chess.com"]

[Event "Titled Tuesday Blitz November 15 Early 2022"]
[White "Biastoch, Bennet"]
[Black "Georg, Heinz"]
[WhiteFideId "12939889"]
[BlackFideId "4607295"]
[WhiteElo "2221"]
[BlackElo "2301"]
[Result "1-0"]
[Round "02"]
[TimeControl "180+1"]
[Date "2022.11.16"]
[WhiteClock "0:00:31"]
[BlackClock "0:00:10"]

1. Nf3 f5 2. g3 Nf6 3. Bg2 g6 4. b3 Bg7 5. Bb2 O-O 6. O-O d6 7. c4 e5 8. d4 e4 9. Ne1 Nc6 10. f3 Qe7 11. Nc3 exf3 12. Rxf3 Ne4 13. Nc2 Nxc3 14. Bxc3 Bd7 15. h4 Bh6 16. Qd3 Rae8 17. e3 a6 18. Raf1 Qe4 19. Qd2 Qe7 20. a4 g5 21. hxg5 Qxg5 22. b4 Nd8 23. b5 axb5 24. axb5 c6 25. bxc6 bxc6 26. d5 c5 27. Ba1 Rf7 28. Qc3 Bg7 29. Qd3 Bxa1 30. Rxa1 h5 31. Raf1 Rg7 32. Bh3 h4 33. Bxf5 Bxf5 34. Qxf5 Qxf5 35. Rxf5 Rxg3+ 36. Kh2 Rg7 37. R1f4 Nf7 38. Rxh4 Ne5 39. Rf6 Rf8 40. Rxf8+ Kxf8 41. Rf4+ Ke7 42. Ne1 Ng4+ 43. Kh3 Ne5 44. Nf3 Ng6 45. Rg4 Rh7+ 46. Kg3 Ne5 47. Nxe5 dxe5 48. Rg5 Kf6 49. Rg8 Ra7 50. Rc8 Ra3 51. Kf3 Kf5 52. Rf8+ Kg5 53. Rc8 Kf5 54. Rxc5 e4+ 55. Kf2 Ra2+ 56. Kg3 Ra3 57. d6+ Ke6 58. Rd5 Rxe3+ 59. Kf4 Rc3 60. d7 Rxc4 61. d8=Q e3+ 62. Kxe3 1-0


[Site "https://www.chess.com"]

[Event "Titled Tuesday Blitz November 15 Early 2022"]
[White "Bilan, Danila"]
[Black "Langner, Ladislav"]
[WhiteFideId "24161918"]
[BlackFideId "300403"]
[WhiteElo "2173"]
[BlackElo "2346"]
[Result "1-0"]
[Round "02"]
[TimeControl "180+1"]
[Date "2022.11.16"]
[WhiteClock "0:00:07"]
[BlackClock "0:00:01"]

1. d4 Nf6 2. Nf3 g6 3. Bg5 Bg7 4. c3 d5 5. Nbd2 b6 6. Bxf6 Bxf6 7. e4 dxe4 8. Nxe4 Bg7 9. Bb5+ c6 10. Bc4 O-O 11. O-O Bf5 12. Re1 Nd7 13. Ng3 Bg4 14. h3 Bxf3 15. Qxf3 Rc8 16. Rad1 Nf6 17. h4 h5 18. Ne4 Nxe4 19. Qxe4 e6 20. g3 Qf6 21. Kg2 Rfd8 22. Bb3 Rc7 23. Re2 Bf8 24. Red2 Rd6 25. Rd3 Bg7 26. Ba4 Qd8 27. Bb3 Bf6 28. Kh3 Kg7 29. Bc2 Rcd7 30. Ba4 Rc7 31. Bc2 c5 32. d5 exd5 33. Rxd5 Rxd5 34. Rxd5 Qc8+ 35. Kg2 Re7 36. Qd3 Qc6 37. Qf3 Qe6 38. Bd3 Rd7 39. Bc4 Rxd5 40. Qxd5 Qxd5+ 41. Bxd5 Bd8 42. Kf3 Kf6 43. Ke4 Bc7 44. Bc4 Ke7 45. Kd5 Bd8 46. Kc6 a5 47. a4 f6 48. Kb7 Kd7 49. Bf7 g5 50. Bxh5 gxh4 51. gxh4 f5 52. Bg6 Bxh4 53. Bxf5+ Kd6 54. Kxb6 Bd8+ 55. Kb5 1-0


[Site "https://www.chess.com"]

[Event "Titled Tuesday Blitz November 15 Early 2022"]
[White "Bommini, Mounika Akshaya"]
[Black "Besedes, Danilo"]
[WhiteFideId "25019872"]
[BlackFideId "946796"]
[WhiteElo "2060"]
[BlackElo "2352"]
[Result "0-1"]
[Round "02"]
[TimeControl "180+1"]
[Date "2022.11.16"]
[WhiteClock "0:00:02"]
[BlackClock "0:01:19"]

1. d4 d6 2. c4 e5 3. Nf3 Nc6 4. dxe5 dxe5 5. Qxd8+ Kxd8 6. Nc3 Nf6 7. Bg5 Be6 8. O-O-O+ Kc8 9. e3 Nd7 10. Bd3 f6 11. Bh4 a5 12. Rd2 a4 13. Rhd1 a3 14. b3 Bb4 15. Kc2 Nc5 16. Ne1 Ba5 17. Be2 Bxc3 18. Kxc3 Ne4+ 19. Kc2 Nxd2 20. Rxd2 Rd8 21. Nd3 Bf5 22. Kc3 Rd7 23. f3 Kd8 24. e4 Bg6 25. Nc5 Rxd2 26. Kxd2 Ke7 27. Nxb7 Nb4 28. Bf2 Rb8 29. Bc5+ Ke8 30. Bxb4 Rxb7 31. Bxa3 Ra7 32. Bc5 Rxa2+ 33. Ke3 Bf7 34. b4 Rc2 35. b5 Bxc4 36. Bxc4 Rxc4 0-1


[Site "https://www.chess.com"]

[Event "Titled Tuesday Blitz November 15 Early 2022"]
[White "Bongo Akanga Ndjila, Barthelemy"]
[Black "Dudzinski, Pawel"]
[WhiteFideId "10609431"]
[BlackFideId "1117890"]
[WhiteElo "1768"]
[BlackElo "2086"]
[Result "0-1"]
[Round "02"]
[TimeControl "180+1"]
[Date "2022.11.16"]
[WhiteClock "0:00:15"]
[BlackClock "0:00:04"]

1. d4 d5 2. c4 c6 3. Nc3 e6 4. Nf3 f5 5. g3 Nf6 6. Bg2 Be7 7. O-O O-O 8. b3 Bd7 9. Bb2 Be8 10. Ne5 Nbd7 11. Nxd7 Qxd7 12. f3 Bh5 13. Qd2 Rad8 14. Rad1 Kh8 15. c5 e5 16. Na4 e4 17. Qf4 Bf7 18. Bh3 g6 19. Bc1 Nh5 20. Qd2 Be6 21. Qc2 f4 22. g4 Ng7 23. Bg2 e3 24. h3 Bh4 25. Bb2 g5 26. b4 Bf7 27. Qc1 Bg6 28. Nc3 Rfe8 29. a4 Bf2+ 30. Kh2 a6 31. Qa1 Ra8 32. Rc1 h5 33. Nd1 Bg3+ 34. Kg1 Rf8 35. Bc3 Ne8 36. Be1 Bxe1 37. Rxe1 h4 38. Nc3 Qc7 39. Qb2 Ng7 40. b5 axb5 41. Nxb5 cxb5 42. axb5 Ne6 43. c6 b6 44. Qb4 Ra5 45. Rc3 Rfa8 46. Rec1 Ra4 47. Qb3 Rxd4 48. Qd1 Rxd1+ 49. Rxd1 d4 50. Rc4 Ra5 51. Rb1 Bxb1 0-1


[Site "https://www.chess.com"]

[Event "Titled Tuesday Blitz November 15 Early 2022"]
[White "Bortnyk, Olexandr"]
[Black "Cardoso Cardoso, Jose Gabriel"]
[WhiteFideId "14120828"]
[BlackFideId "4430492"]
[WhiteElo "2723"]
[BlackElo "2484"]
[Result "1-0"]
[Round "02"]
[TimeControl "180+1"]
[Date "2022.11.15"]
[WhiteClock "0:00:03"]
[BlackClock "0:00:02"]

1. e4 c5 2. c3 d5 3. exd5 Qxd5 4. d4 Nf6 5. Be3 cxd4 6. cxd4 e6 7. Nc3 Bb4 8. Nf3 Qa5 9. Rc1 O-O 10. Bd3 Nc6 11. O-O Rd8 12. Qe2 Bf8 13. a3 Ne7 14. b4 Qh5 15. h3 b6 16. Ne4 Bb7 17. Nxf6+ gxf6 18. Nd2 Qxe2 19. Bxe2 Nf5 20. Rc7 Rab8 21. Bf3 Ba6 22. Rfc1 Nxd4 23. Bxd4 Rxd4 24. Ne4 Bg7 25. Rxa7 Bd3 26. Ng3 Bg6 27. Rcc7 f5 28. Bh5 f4 29. Bxg6 hxg6 30. Rxf7 Be5 31. Nf1 Rc8 32. Rfe7 Rd6 33. a4 Kf8 34. Rf7+ Kg8 35. Rfb7 Rd1 36. Re7 Kf8 37. Rf7+ Kg8 38. Rfd7 Re1 39. a5 bxa5 40. bxa5 Kf8 41. Rab7 Ke8 42. Re7+ Kf8 43. Rf7+ Kg8 44. Rfd7 Kf8 45. a6 Ke8 46. Re7+ Kf8 47. Rf7+ Ke8 48. Rbe7+ Kd8 49. a7 Ra1 50. Rb7 Ke8 51. Rh7 g5 52. Rb8 Rxb8 53. axb8=Q+ Bxb8 54. Rh8+ Kf7 55. Rxb8 Kf6 56. Rb5 e5 57. g4 e4 58. Kg2 Ra2 59. Rf5+ Kg6 60. Re5 e3 61. Nxe3 fxe3 62. Re6+ Kf7 63. Rxe3 Kf6 64. Kg3 Rb2 65. f4 Rb4 66. fxg5+ Kxg5 67. h4+ Kf6 68. Rf3+ Kg6 69. h5+ Kg5 70. Rf5+ Kh6 71. Kh4 Rb1 72. Rf6+ Kg7 73. Kg5 Rb5+ 74. Rf5 Rb6 75. Rc5 Rb7 76. h6+ Kh7 77. Kh5 Ra7 78. g5 Ra8 79. Rc6 Rb8 80. g6+ Kg8 81. Rc5 Ra8 82. Kg5 Rf8 83. Rf5 Rb8 84. Rd5 Ra8 85. Kf6 Ra6+ 86. Kf5 Ra8 87. Rd6 Rf8+ 88. Ke6 Ra8 89. Ke7 Ra7+ 90. Rd7 1-0


[Site "https://www.chess.com"]

[Event "Titled Tuesday Blitz November 15 Early 2022"]
[White "Boruchovsky, Avital"]
[Black "Zilleruelo Irizarry, Diego"]
[WhiteFideId "2800055"]
[BlackFideId "3101460"]
[WhiteElo "2458"]
[BlackElo "1998"]
[Result "1-0"]
[Round "02"]
[TimeControl "180+1"]
[Date "2022.11.16"]
[WhiteClock "0:01:49"]
[BlackClock "0:00:30"]

1. b3 d5 2. Bb2 e6 3. g4 h5 4. gxh5 Rxh5 5. e3 Rh6 6. Nf3 Nd7 7. c4 c6 8. Nc3 Ngf6 9. Qc2 Qa5 10. a3 a6 11. b4 Qc7 12. Be2 Bd6 13. O-O-O dxc4 14. Bxc4 Ne5 15. Nxe5 Bxe5 16. f4 Bd6 17. Ne4 Be7 18. Rhg1 Nxe4 19. Bxg7 Rxh2 20. Qxe4 Bd7 21. Be5 Qb6 22. Rg8+ Bf8 23. Bd6 O-O-O 24. Rxf8 Rxf8 25. Bxf8 a5 26. Bc5 Qd8 27. Qd4 axb4 28. axb4 b5 29. Bd3 Kb7 30. Kc2 1-0


[Site "https://www.chess.com"]